cohdb
Replays
Latest Replays
All Replays
Popular Replays
Top Player Replays
Match Explorer
How It Works
Community
CoH3 Stats
Reddit
Sign in to upload your games and track your stats! →
Sign in with Steam
Match 43045593
Unlisted
Match 43045593
Overview
Messages
Build Orders
End
Selects Armored Battlegroup
Selects Assault Engineers
Assault Engineer Squad
Construct Weapon Support Center
Assault Engineer Squad
M1919 Machine Gun Team
M1919 Machine Gun Team
Sniper
Air Support Center
Grasshopper Recon Run
Construct Motor Pool
Selects Fast Deploy
Selects M31 Recovery Vehicle
Assault Engineer Squad
M8 Greyhound Armored Car
Assault Engineer Squad
P-47 Strafing Run
M8 Greyhound Armored Car
Selects War Machine
M31 Recovery Vehicle
Construct Medical Station
Grasshopper Recon Run
M8 Greyhound Armored Car
M8 Greyhound Armored Car
Selects Seek and Destroy
Grasshopper Recon Run
P-47 Dive Bomb
P-47 Dive Bomb
JuanPi_Art
Majovish
Nukepapa
Fajolada
0
0
Comments
sign in to comment!
No comments posted yet!